 Dungeon Crawl Stone Soup version 0.30.1 (webtiles) character file.

Game seed: 8874272407038191574

29569 AgateBread the Thaumaturge (level 13, -15/82 HPs)
             Began as a Tengu Air Elementalist on July 4, 2023.
             Was an Elder of Vehumet.
             Demolished by a culicivora (17 damage)
             ... on level 3 of the Lair of Beasts.
             The game lasted 02:01:17 (30823 turns).

AgateBread the Thaumaturge (TeAE)                  Turns: 30823, Time: 02:01:18

Health: -15/82     AC: 12    Str:  9    XL:     13   Next: 46%
Magic:  30/38      EV: 15    Int: 20    God:    Vehumet [****..]
Gold:   383        SH:  0    Dex: 21    Spells: 17/34 levels left

rFire   . . .        q - +1 scimitar (flame)
rCold   . . .        (no shield)
rNeg    . . .        R - +0 steam dragon scales
rPois   .            h - +2 hat
rElec   .            (no cloak)
rCorr   .            f - +2 pair of gloves
SInv    .            (boots unavailable)
Will    .....        n - amulet of regeneration
Stlth   ++           y - +6 ring of dexterity
HPRegen 1.13/turn    D - ring of magical power
MPRegen 0.26/turn

%: no passive effects
@: flying quickly and evasively, quick
A: beak, talons 3, nimble flight
a: Renounce Religion


You were on level 3 of the Lair of Beasts.
You worshipped Vehumet.
Vehumet was greatly pleased with you.
You visited 3 branches of the dungeon, and saw 16 of its levels.
You also visited: Ossuary, Bailey and Ice Cave.

You collected 1553 gold pieces.
You spent 1170 gold pieces at shops.

Inventory:

Hand Weapons
 b - a +3 falchion of electrocution
 i - a +2 scimitar of freezing
 q - a +1 scimitar of flaming (weapon)
 s - the +0 dagger of Departure {holy, rF+ Dex+4 Stlth+}
   (You found it on level 3 of the Dungeon)

   Dex:       It affects your dexterity (+4).
   rF:        It protects you from fire.
   Stlth:     It makes you more stealthy.
Missiles
 m - 59 poisoned darts
 v - a curare-tipped dart
 S - 12 datura-tipped darts
 Z - 3 throwing nets
Armour
 f - a +2 pair of gloves (worn)
 h - a +2 hat (worn)
 j - a +1 tower shield of cold resistance
 B - +0 swamp dragon scales
 C - a +0 kite shield
 R - +0 steam dragon scales (worn)
 X - a +2 scale mail of fire resistance
Magical Staves
 x - a staff of fire
 E - the staff of fire "Vajusm" {rF+ Str-3 Dex+3}
   (You found it on level 5 of the Dungeon)

   [staff of fire]

   Base accuracy: +5 Base damage: 5 Base attack delay: 1.2 This weapon's minimum
   attack delay (0.6) is reached at skill level 12.
   Str:       It affects your strength (-3).
   Dex:       It affects your dexterity (+3).
   rF:        It protects you from fire.
   It falls into the 'Staves' category.
   It is a one-handed weapon.
Jewellery
 n - an amulet of regeneration (around neck)
 p - a ring of positive energy
 y - a +6 ring of dexterity (left hand)
 D - a ring of magical power (right hand)
 F - a +5 ring of evasion
 O - the ring of the Conjuring Jester {rCorr Str+4 Int-3 Dex+4}
   (You acquired it in an ossuary)

   [ring of resist corrosion]

   Str:       It affects your strength (+4).
   Int:       It affects your intelligence (-3).
   Dex:       It affects your dexterity (+4).
   rCorr:     It protects you from acid and corrosion.
 W - the amulet of Royalty {Spirit rC++ rCorr Int-5}
   (You found it in a bailey)

   [amulet of guardian spirit]

   It causes incoming damage to be divided between your reserves of health and
   magic.
   Int:       It affects your intelligence (-5).
   rC:        It greatly protects you from cold.
   rCorr:     It protects you from acid and corrosion.
Wands
 a - a wand of iceblast (3)
 t - a wand of paralysis (1)
Scrolls
 r - 4 scrolls of immolation
 u - 2 scrolls of fog
 w - 4 scrolls of teleportation
 G - 4 scrolls of enchant weapon
 N - 4 scrolls of noise
 P - 2 scrolls of poison
Potions
 c - 2 potions of resistance {unknown}
 d - a potion of flight {unknown}
 g - 2 potions of cancellation
 o - 9 potions of curing
 z - 3 potions of degeneration {unknown}
 H - 2 potions of berserk rage
 K - a potion of might
 Q - 5 potions of haste
 T - a potion of mutation {unknown}
 U - 3 potions of invisibility {unknown}
Miscellaneous
 l - a phial of floods
 A - a condenser vane
 V - a box of beasts


   Skills:
 - Level 10.0 Fighting
 - Level 8.0 Armour
 - Level 2.1 Dodging
 - Level 2.0 Stealth
 + Level 7.6 Shields
 - Level 11.1 Spellcasting
 - Level 10.0 Conjurations
 - Level 10.0 Air Magic
 - Level 8.0 Evocations


You had 17 spell levels left.
You knew the following spells:

 Your Spells              Type           Power      Damage    Failure   Level
a - Starburst             Conj/Fire      15%        6d6       30%         6
b - Airstrike             Air            25%        2d(4-20)  1%          4
d - Arcjolt               Conj/Air       25%        1d35      1%          5
e - Blink                 Tloc           22%        N/A       10%         2

Your spell library contained the following spells:

 Spells                   Type           Power      Damage    Failure   Level
 Lee's Rapid Deconstruct  Erth           5%         3d6*      38%         5
 Shock                    Conj/Air       100%       1d9       1%          1
 Momentum Strike          Conj/Tloc      62%        3d9       1%          2
 Static Discharge         Conj/Air       100%       2-7/arc   1%          2
 Dazzling Flash           Conj/Hex       62%        N/A       1%          3
 Swiftness                Air            50%        N/A       1%          3
 Vhi's Electric Charge    Tloc/Air       62%        N/A       2%          3
 Iskenderun's Mystic Bla  Conj/Tloc      31%        2d8       2%          4
 Volatile Blastmotes      Fire/Tloc      22%        2d11      5%          3
 Slow                     Hex            44%        N/A       6%          1
 Summon Small Mammal      Summ           44%        N/A       6%          1
 Lesser Beckoning         Tloc           22%        N/A       10%         2
 Call Canine Familiar     Summ           11%        N/A       19%         3
 Confusing Touch          Hex            11%        N/A       19%         3
 Portal Projectile        Hex/Tloc       22%        N/A       19%         3
 Summon Guardian Golem    Hex/Summ       11%        N/A       19%         3
 Vampiric Draining        Necr           11%        2d6       19%         3
 Leda's Liquefaction      Hex/Erth       5%         N/A       52%         4
 Maxwell's Capacitive Co  Air            25%        ∞         82%         8
 Summon Forest            Summ/Tloc      5%         N/A       86%         5
 Summon Mana Viper        Hex/Summ       11%        N/A       86%         5
 Eringya's Noxious Bog    Tmut/Pois      5%         N/A       90%         6
 Summon Cactus Giant      Summ           5%         N/A       100%        6
 Summon Hydra             Summ           5%         N/A       100%        7


Dungeon Overview and Level Annotations

Branches:
Dungeon (12/15)            Temple (1/1) D:7            Lair (3/5) D:8
 Shoals (0/4) Lair:2       Spider (0/4) Lair:3      Ossuary (visited)
 Bailey (visited)           IceCv (visited)
    Orc: D:9-12

Altars:
Ashenzari
Cheibriados
Dithmenos
Elyvilon
Fedhas
Gozag
Hepliaklqana
Kikubaaqudgha
Makhleb
Nemelex Xobeh
Okawaru
Qazlal
Ru
Sif Muna
Trog
Uskayaw
Vehumet
Wu Jian
Xom
Yredelemnul
Zin
The Shining One

Shops:
D:4 *   D:7 [*

Annotations:
D:10 2 transporters


Innate Abilities, Weirdness & Mutations

You have a beak for a mouth.
You have claws for feet.
Your magical nature lets you fly swiftly and evasively.


Message History

Press: ? - help, Q - select action, (/) - cycle Dir - move target, f - culicivora
Aim: a culicivora (asleep, empty space bonus: 1/8)
The air twists around and strikes the culicivora.
The culicivora's many legs skitter faintly.
The culicivora is lightly wounded.
You hear a faint skittering sound.
A culicivora comes into view.
You miss the culicivora. You peck the culicivora.
The culicivora is lightly wounded.
The culicivora barely misses you. x2
You slash the culicivora! You burn the culicivora.
Your kick misses the culicivora. Your peck misses the culicivora.
The culicivora is heavily wounded.
The culicivora bites you!
The culicivora draws strength from your injuries!
The culicivora bites you!
The culicivora draws strength from your injuries!
The culicivora bites you!!
The culicivora draws strength from your injuries!
Casting: Arcjolt (dangerous; 1% risk of failure)
Press: ? - help, Q - select action, (/) - cycle Dir - look around, f - activate Electricity surges outward!
The culicivora is struck by an electric surge!!
The culicivora is almost dead.
The culicivora is struck by an electric surge!
The culicivora is moderately wounded.
The culicivora misses you. The culicivora bites you!!
* * * LOW HITPOINT WARNING * * *
The culicivora draws strength from your injuries!
The culicivora bites you!
* * * LOW HITPOINT WARNING * * *
The culicivora draws strength from your injuries!
Okay, then.
Okay, then.
The culicivora attacks as you move away!
The culicivora bites you!
* * * LOW HITPOINT WARNING * * *
The culicivora draws strength from your injuries!
The culicivora bites you!
You die...

........................†........
.................................
.................................
.................................
.............##≈≈≈##.............
###....#..#####...####...........
######### ##^.>.^# ##..........
#.#...#.# #..........
#.#.#@#.#.##.......<..
#.###s###^###.......... ## #.#s#
#.##.......... #.# #.#
#^#.......... #.# #.#
##.......... ## #.# #..........
#.##.......... ####....††.....
..#............


You could see a culicivora.

Vanquished Creatures
  Gastronok (D:9)
  A reaper (IceCv)
  Snorg (D:10)
  Erica (D:9)
  A hydra (D:11)
  A death yak (D:8)
  Pikel (D:7)
  2 ice statues (IceCv)
  2 black mambas
  A slime creature (D:12)
  A torpor snail (Lair:2)
  5 cane toads
  2 unseen horrors
  A gargoyle (Bailey)
  2 rime drakes (Lair:2)
  5 komodo dragons
  2 kobold demonologists (D:12)
  An anaconda simulacrum (IceCv)
  5 ice devils (IceCv)
  A freezing wraith (IceCv)
  2 polar bears (Lair:2)
  8 blink frogs
  5 dream sheep (Lair:3)
  3 jumping spiders (Lair:3)
  2 culicivoras (Lair:3)
  2 vampires
  16 yaks
  A wraith (D:11)
  2 basilisks
  A redback (Lair:3)
  2 wyverns (D:8)
  A steam dragon (Lair:3)
  A vampire mosquito (D:9)
  An acid dragon (D:12)
  A hydra simulacrum (IceCv)
  6 water moccasins
  Duvessa (D:7)
  An orc warrior (D:10)
  A black bear (D:8)
  3 sky beasts
  8 centaurs
  3 ogres
  15 wolves
  2 phantoms
  4 kobold brigands
  The ghost of Perinia the Grave Robber, an amateur DENe (D:3)
  5 gnoll sergeants
  11 scorpions
  9 bullfrogs
  A cane toad simulacrum (IceCv)
  2 two-headed ogre simulacra (IceCv)
  4 wights (D:7)
  Dowan (D:7)
  16 killer bees
  An elephant simulacrum (IceCv)
  6 vampire bats (Bailey)
  3 howler monkeys
  2 wolf zombies (Bailey)
  3 jellies
  2 hounds
  5 orc priests
  A gnoll bouda (D:9)
  An iron imp (D:3)
  Jessica (D:3)
  4 iguanas
  Natasha (thrice) (D:3)
  Terence (D:3)
  4 orc wizards
  A spriggan simulacrum (IceCv)
  2 troll simulacra (IceCv)
  3 wolf simulacra (IceCv)
  13 mummies (Ossuary)
  27 gnolls
  7 adders
  3 naga simulacra (IceCv)
  A shadow imp (D:6)
  4 white imps
  3 ufetubi (IceCv)
  A dart slug (D:2)
  17 orcs
  2 bats (D:1)
  7 endoplasms
  11 giant cockroaches
  7 goblins
  8 hobgoblins
  5 jackals
  28 kobolds
  4 quokkas
  11 ball pythons
  3 frilled lizards
  2 goblin skeletons (Ossuary)
  4 kobold skeletons (Ossuary)
  2 orc skeletons (Ossuary)
  17 orc zombies (Bailey)
  6 rats
  11 rat skeletons (Ossuary)
  2 butterflies (D:9)
428 creatures vanquished.

Vanquished Creatures (collateral kills)
  A death yak (Lair:2)
  A harpy simulacrum (IceCv)
2 creatures vanquished.

Grand Total: 430 creatures vanquished

Notes
Turn   | Place    | Note
-------+----------+-------------------------------------------
     0 | D:1      | AgateBread the Tengu Air Elementalist began the quest for
                  | the Orb.
     0 | D:1      | Reached XP level 1. HP: 10/10 MP: 4/4
   134 | D:1      | You fall into a shaft and drop 1 floor!
   397 | D:2      | Reached XP level 2. HP: 15/15 MP: 4/6
   725 | D:2      | Reached skill level 5 in Air Magic
   798 | D:2      | Reached XP level 3. HP: 4/19 MP: 1/7
  1857 | D:1      | Reached XP level 4. HP: 24/24 MP: 3/8
  2847 | D:1      | Learned a level 4 spell: Airstrike
  3499 | D:3      | Identified the +0 dagger of Departure {holy, rF+ Dex+4
                  | Stlth+}
  3523 | D:3      | Noticed Jessica
  3532 | D:3      | Killed Jessica
  3541 | D:3      | Gained mutation: Your magical nature lets you fly swiftly
                  | and evasively. [Tengu growth]
  3541 | D:3      | Reached XP level 5. HP: 26/28 MP: 2/9
  3891 | D:3      | Noticed Natasha
  3898 | D:3      | Killed Natasha
  4073 | D:3      | Found a runed translucent door.
  4074 | D:3      | Noticed Perinia's ghost (amateur DENe)
  4100 | D:3      | Noticed Terence
  4343 | D:3      | Killed Terence
  4392 | D:3      | Noticed Natasha
  4396 | D:3      | Killed Natasha
  4428 | D:3      | Noticed Natasha
  4435 | D:3      | Killed Natasha
  4436 | D:3      | Reached XP level 6. HP: 32/32 MP: 5/10
  4509 | D:3      | Found a snail-covered altar of Cheibriados.
  5419 | D:4      | Learned a level 4 spell: Iskenderun's Mystic Blast
  5480 | D:4      | Found Zin's Purification Station.
  5483 | D:4      | Found a glowing silver altar of Zin.
  5994 | D:5      | Entered Level 5 of the Dungeon
  6249 | D:5      | Reached skill level 10 in Air Magic
  6249 | D:5      | Reached XP level 7. HP: 31/36 MP: 11/11
  6457 | D:5      | Identified the staff of fire "Vajusm" {rF+ Str-3 Dex+3}
  6881 | D:3      | Killed Perinia's ghost
  7250 | D:5      | Reached skill level 3 in Spellcasting
  7813 | D:5      | Reached skill level 5 in Conjurations
  7813 | D:5      | Reached XP level 8. HP: 37/41 MP: 1/14
  7958 | D:5      | Reached skill level 4 in Spellcasting
  8735 | D:6      | Reached skill level 5 in Spellcasting
  8782 | D:6      | Learned a level 5 spell: Arcjolt
  8785 | D:6      | Learned a level 2 spell: Blink
  9167 | D:6      | Found a broken altar of Ashenzari.
  9682 | D:6      | Reached XP level 9. HP: 45/45 MP: 18/18
  9688 | D:6      | Identified the +7 short sword "Maciq" {antimagic, rPois}
  9900 | D:6      | Reached skill level 6 in Spellcasting
  9949 | D:6      | Found an ornate altar of the Wu Jian Council.
 10831 | D:7      | Found Raokh's General Store.
 11165 | D:7      | Reached skill level 10 in Conjurations
 11321 | D:7      | Found a staircase to the Ecumenical Temple.
 11325 | D:7      | Noticed Pikel
 11329 | D:7      | Killed Pikel
 11330 | D:7      | Reached skill level 7 in Spellcasting
 11335 | D:7      | Reached skill level 8 in Spellcasting
 11359 | Temple   | Entered the Ecumenical Temple
 11368 | Temple   | Became a worshipper of Vehumet
 11486 | D:7      | Found a stormy altar of Qazlal.
 11486 | D:7      | Noticed Dowan
 11491 | D:7      | Killed Dowan
 11492 | D:7      | Noticed Duvessa
 11497 | D:7      | Killed Duvessa
 11888 | D:7      | Reached XP level 10. HP: 28/50 MP: 10/23
 12342 | D:7      | Found Ragnar's Dragon-Slaying Spoils.
 12701 | D:8      | Identified a scroll of acquirement
 12701 | D:8      | Acquired 633 gold pieces
 12708 | D:8      | Found an opulent altar of Gozag.
 12817 | D:8      | Found a sand-covered staircase.
 12827 | Ossuary  | Entered an ossuary
 12857 | Ossuary  | Reached skill level 9 in Spellcasting
 13764 | Ossuary  | Acquired the ring of the Conjuring Jester {rCorr Str+4
                  | Int-3 Dex+4}
 13854 | D:8      | Reached * piety under Vehumet
 13854 | D:8      | Offered knowledge of Kiss of Death by Vehumet.
 14211 | D:8      | Noticed a death yak
 14223 | D:8      | Killed a death yak
 14224 | D:8      | Reached skill level 10 in Spellcasting
 14354 | D:8      | Found a staircase to the Lair.
 14862 | D:7      | Bought +0 steam dragon scales for 520 gold pieces
 15183 | D:9      | Noticed Gastronok
 15214 | D:9      | Found a runed translucent door.
 15289 | D:9      | Found a flagged portal.
 15299 | Bailey   | Entered a bailey
 16116 | Bailey   | Noticed a gargoyle
 16118 | Bailey   | Killed a gargoyle
 16929 | Bailey   | Identified the +2 pair of boots "Raqapoukau" {SInv}
 16930 | Bailey   | Identified the amulet of Royalty {Spirit rC++ rCorr Int-5}
 17254 | D:9      | Noticed Erica
 17893 | D:10     | Entered Level 10 of the Dungeon
 18011 | D:10     | Reached ** piety under Vehumet
 18011 | D:10     | Offered knowledge of Foxfire by Vehumet.
 18012 | D:10     | Reached skill level 5 in Fighting
 18602 | D:10     | Noticed a kobold demonologist
 18602 | D:10     | Noticed an orc high priest
 18605 | D:10     | Found a transporter.
 18605 | D:10     | Found a transporter.
 18746 | D:10     | Reached XP level 11. HP: 64/64 MP: 12/26
 18797 | D:10     | Noticed Snorg
 18815 | D:10     | Killed Snorg
 18816 | D:10     | Reached skill level 11 in Spellcasting
 19109 | D:10     | Noticed an orc high priest
 19740 | D:10     | Offered knowledge of Mephitic Cloud by Vehumet.
 19815 | D:10     | Found a shimmering blue altar of Sif Muna.
 20411 | D:11     | Reached skill level 1 in Evocations
 21415 | D:11     | Noticed a six-headed hydra
 21419 | D:11     | Killed a six-headed hydra
 22697 | D:12     | Noticed a two-headed ogre
 23058 | D:9      | Reached *** piety under Vehumet
 23408 | D:9      | Killed Erica
 23409 | D:9      | Reached skill level 5 in Evocations
 23739 | D:9      | Killed Gastronok
 23740 | D:9      | Reached XP level 12. HP: 75/75 MP: 11/28
 23995 | D:9      | Found a runed translucent door.
 24202 | D:7      | Bought +0 swamp dragon scales for 650 gold pieces
 24255 | Lair:1   | Entered Level 1 of the Lair of Beasts
 24670 | Lair:1   | Offered knowledge of Frozen Ramparts by Vehumet.
 24678 | Lair:1   | Learned a level 6 spell: Starburst
 25304 | Lair:2   | Noticed a death yak
 25339 | Lair:2   | Killed a death yak
 25537 | Lair:2   | Reached skill level 10 in Fighting
 25550 | Lair:2   | Reached skill level 1 in Armour
 25730 | Lair:2   | Found a frozen archway.
 25752 | IceCv    | Entered an ice cave
 25910 | IceCv    | Reached **** piety under Vehumet
 25917 | IceCv    | Offered knowledge of Inner Flame by Vehumet.
 26289 | IceCv    | Reached skill level 5 in Armour
 26289 | IceCv    | Reached skill level 1 in Shields
 27566 | IceCv    | Noticed a reaper
 27794 | IceCv    | Killed a reaper
 27795 | IceCv    | Reached XP level 13. HP: 82/82 MP: 1/29
 28344 | Lair:2   | Found a staircase to the Shoals.
 28526 | Lair:2   | Reached skill level 5 in Shields
 29115 | Lair:2   | You are sucked into a shaft and drop 1 floor!
 29800 | Lair:3   | Found a hole to the Spider Nest.
 30217 | Lair:3   | Reached ***** piety under Vehumet
 30217 | Lair:3   | Offered knowledge of Lee's Rapid Deconstruction by Vehumet.
 30823 | Lair:3   | HP: 1/82 [culicivora (14)]
 30823 | Lair:3   | Demolished by a culicivora

Illustrated notes

Levels and vault maps discovered:
D:1:      heliophobic_arrival_dark_side_of_the_moon, layout_basic
D:2:      layout_basic
D:3:      layout_rooms, slow_altar_2, gammafunk_ghost_grave,
          nicolae_concentric_dashed_squares_wild, uniq_natasha, uniq_terence,
          uniq_jessica
D:4:      layout_loops_ring, zin_purify
D:5:      layout_gridville
D:6:      nicolae_BIG_FREAKIN_CUBE, layout_gridville, lemuel_doored_altar,
          nzn_wu_jian_contemplation
D:7:      layout_basic, nicolae_qazlal_eye_of_the_storm,
          minmay_temple_entry_purple_smoke, serial_shops, shop,
          nicolae_shop_dragon_depot, uniq_duvessa, uniq_pikel
D:8:      layout_basic, grunt_gozag_statues, david_lair_generic, enter_ossuary_1
D:9:      lemuel_insect_pit, layout_loops_ring, enter_bailey_6,
          hangedman_decor_opposing, minivault_24, uniq_gastronok, uniq_erica
D:10:     gammafunk_wand_slinger, layout_irregular_city, led_sif_pool,
          uniq_snorg
D:11:     layout_stronghold
D:12:     layout_layer_cave, orc_0_dummy, special_room [special_room_orc],
          due_unseen_surprise
Temple:   minmay_freezing_vapour_temple
Lair:1:   layout_regular_city
Lair:2:   layout_cellular_growth, shoals_dummy_entry, portal_ice_cave_rime,
          cheibrodos_lair_lostbears, grunt_megastairs_5
Lair:3:   layout_big_grid, nicolae_spider_entry_tight_spaces,
          gammafunk_ghost_wrathful_warriors, lemuel_fruit_fields,
          lemuel_fruit_tree

Skill      XL: |  1  2  3  4  5  6  7  8  9 10 11 12 13 |
---------------+----------------------------------------+-----
Air Magic      | 5 6 7 8 10 | 10.0
Conjurations   | 5 8 10 | 10.0
Spellcasting   | 3 5 8 10 11 | 11.1
Fighting       | 5 8 10 | 10.0
Evocations     | 5 8 |  8.0
Armour         | 6 8 |  8.0
Shields        | 3 7 |  7.6
Dodging        | |  2.1
Stealth        | |  2.0

Action                     |  1- 3 |  4- 6 |  7- 9 | 10-12 | 13-15 || total
---------------------------+-------+-------+-------+-------+-------++-------
  Melee: Dagger            |     6 |    42 |    29 |    96 |       ||   173
         Kick              |     5 |    15 |    11 |    58 |     6 ||    95
         Short sword       |    10 |       |       |       |       ||    10
         Peck              |     1 |     6 |    11 |    33 |     6 ||    57
         Punch             |       |     1 |     1 |     5 |       ||     7
         Scimitar          |       |       |       |    38 |    23 ||    61
  Throw: Dart              |       |     8 |       |     1 |       ||     9
         Throwing net      |       |       |       |     3 |       ||     3
   Cast: Shock             |    64 |   143 |    45 |       |       ||   252
         Airstrike         |       |       |    91 |   300 |    73 ||   464
         Arcjolt           |       |       |       |   112 |    13 ||   125
         Iskenderun's Myst |       |       |       |     5 |       ||     5
  Evoke: Wand              |       |     1 |       |    13 |     1 ||    15
         Box of beasts     |       |       |       |     3 |       ||     3
         Phial of floods   |       |       |       |     1 |       ||     1
         Condenser vane    |       |       |       |     1 |       ||     1
    Use: Scroll            |       |     2 |     4 |    19 |     2 ||    27
         Potion            |       |       |     2 |     9 |       ||    11
   Stab: Paralysed         |       |       |       |       |     2 ||     2
 Armour: Robe              |     8 |    14 |     9 |       |       ||    31
         Steam dragon scal |       |       |       |   100 |     6 ||   106
  Dodge: Dodged            |    16 |    34 |    34 |   282 |    31 ||   397
